 Dungeon Crawl Stone Soup version 0.30.1-9-gdf580d7c3d (webtiles) character file.

Game seed: 4227228214346691452

52 dwqdq the Grave Robber (level 3, -1/24 HPs)
             Began as a Demonspawn Necromancer on Oct 8, 2023.
             Slain by Terence
             ... wielding a +0 trident
              (12 damage)
             ... on level 2 of the Dungeon.
             The game lasted 00:03:13 (1918 turns).

dwqdq the Grave Robber (Demonspawn Necromancer)     Turns: 1918, Time: 00:03:14

Health: -1/24      AC:  2    Str:  8    XL:     3   Next: 60%
Magic:  3/6        EV: 12    Int: 18    God:
Gold:   94         SH:  0    Dex: 13    Spells: 3/7 levels left

rFire   . . .        k - +0 short sword (speed)
rCold   . . .        (no shield)
rNeg    . . .        a - +0 robe
rPois   .            (no helmet)
rElec   .            (no cloak)
rCorr   .            (no gloves)
SInv    .            (no boots)
Will    .....        (no amulet)
Stlth   ++           (no ring)
HPRegen 0.24/turn    (no ring)
MPRegen 0.10/turn

%: no passive effects
@: no status effects
A: demonic touch 1
a: no special abilities


You were on level 2 of the Dungeon.
You visited 1 branch of the dungeon, and saw 2 of its levels.

You collected 94 gold pieces.

Inventory:

Hand Weapons
 c - a +0 dagger
 k - a +0 short sword of speed (weapon)
Armour
 a - a +0 robe (worn)
Scrolls
 e - a scroll of enchant armour
 h - a scroll of teleportation
 i - a scroll of silence {unknown}
 l - a scroll of immolation {unknown}
 o - a scroll of noise {unknown}
 p - a scroll of identify
Potions
 b - a potion of magic
 d - a potion of flight {unknown}
 f - a potion of curing {unknown}
 g - a potion of brilliance {unknown}
 j - 2 potions of heal wounds
 m - a potion of attraction {unknown}
 n - a potion of lignification {unknown}


   Skills:
 + Level 2.0 Dodging
 + Level 2.0 Stealth
 * Level 2.6 Spellcasting
 * Level 1.2 Conjurations
 * Level 4.9 Necromancy


You had 3 spell levels left.
You knew the following spells:

 Your Spells              Type           Power      Damage    Failure   Level
a - Necrotise             Necr           80%        1d8       2%          1
b - Vampiric Draining     Necr           20%        2d7       7%          3

Your spell library contained the following spells:

 Spells                   Type           Power      Damage    Failure   Level
 Animate Dead             Necr           20%        N/A       22%         4
 Agony                    Necr           20%        N/A       52%         5


Dungeon Overview and Level Annotations

Branches:
Dungeon (2/15)

Altars:

Annotations:
D:2 Terence


Innate Abilities, Weirdness & Mutations

Your touch may inflict minor irresistible damage on your foes.


Message History

Aim: Terence, wielding a +0 trident and wearing a +0 ring mail (asleep, chance to affect: 84%) Terence shouts!
Terence writhes in agony.
Casting: Necrotise (safe; 2% risk of failure)
Confirm with . or Enter, or press ? or * to list all spells.
Aiming: Necrotise (safe; 2% risk of failure)
Press: ? - help, Shift-Dir - straight line, f/p - Terence
Aim: Terence, wielding a +0 trident and wearing a +0 ring mail (lightly wounded, chance to affect: 84%) Terence writhes in agony.
Casting: Necrotise (safe; 2% risk of failure)
Confirm with . or Enter, or press ? or * to list all spells.
Aiming: Necrotise (safe; 2% risk of failure)
Press: ? - help, Shift-Dir - straight line, f/p - Terence
Aim: Terence, wielding a +0 trident and wearing a +0 ring mail (moderately wounded, chance to affect: 84%) Terence barely resists.
Terence hits you from afar with a +0 trident!
Terence hits you with a +0 trident.
Casting: Necrotise (safe; 2% risk of failure)
Confirm with . or Enter, or press ? or * to list all spells.
Aiming: Vampiric Draining (quite dangerous; 7% risk of failure)
Press: ? - help, Shift-Dir - straight line, f/p - Terence
Aim: Terence, wielding a +0 trident and wearing a +0 ring mail (moderately wounded)
You draw life force from Terence.
You feel life coursing into your body. Terence closely misses you.
Casting: Vampiric Draining (quite dangerous; 7% risk of failure)
Confirm with . or Enter, or press ? or * to list all spells.
You don't have enough magic to cast this spell.
Unknown command.
Magic courses through your body. Terence hits you with a +0 trident.
* * * LOW HITPOINT WARNING * * *
Casting: Vampiric Draining (quite dangerous; 7% risk of failure)
Confirm with . or Enter, or press ? or * to list all spells.
Aiming: Vampiric Draining (quite dangerous; 7% risk of failure)
Press: ? - help, Shift-Dir - straight line, f/p - Terence
Aim: Terence, wielding a +0 trident and wearing a +0 ring mail (heavily wounded)
You draw life force from Terence.
You feel life coursing into your body. Terence shouts, "Now you die!"
Terence hits you with a +0 trident!
Ouch! That really hurt!
You die...

###
#.####...###
#.# #...# .
#.# ##### #
#.# # #.# #.
#.# #.# #.#
#.####.#
#@....#
#@###### ..#
###


You could see Terence.

Vanquished Creatures
  An adder (D:2)
  3 bats
  9 endoplasms
  4 giant cockroaches (D:1)
  2 goblins (D:1)
  3 hobgoblins
  2 jackals (D:2)
  A quokka (D:2)
  2 ball pythons
  A frilled lizard (D:1)
  7 kobolds
  A rat (D:2)
36 creatures vanquished.

Notes
Turn   | Place    | Note
-------+----------+-------------------------------------------
     0 | D:1      | dwqdq the Demonspawn Necromancer began the quest for the
                  | Orb.
     0 | D:1      | Reached XP level 1. HP: 13/13 MP: 3/3
   411 | D:1      | Discovered your monstrous ancestry.
   411 | D:1      | Gained mutation: Your touch may inflict minor irresistible
                  | damage on your foes. [demonic ancestry]
   411 | D:1      | Reached XP level 2. HP: 19/19 MP: 1/5
  1068 | D:1      | Reached skill level 1 in Conjurations
  1313 | D:2      | Reached XP level 3. HP: 19/24 MP: 2/6
  1317 | D:2      | Learned a level 3 spell: Vampiric Draining
  1911 | D:2      | Noticed Terence
  1918 | D:2      | Slain by Terence

Illustrated notes

Levels and vault maps discovered:
D:1:      kilobyte_arrival_exit_the_forest, layout_basic
D:2:      layout_loops_ring, uniq_terence

Skill      XL: |  1  2  3 |
---------------+----------+-----
Conjurations   | 1 |  1.2
Stealth        | 2 |  2.0
Dodging        | 2 |  2.0
Spellcasting   | |  2.6
Necromancy     | |  4.9

Action                     || total
---------------------------++-------
  Melee: Short sword       ||    29
         Touch             ||     3
   Cast: Necrotise         ||    56
         Vampiric Draining ||     3
    Use: Scroll            ||     3
         Potion            ||     1
 Armour: Robe              ||     5
  Dodge: Dodged            ||    17
